 Dungeon Crawl Stone Soup version 0.26-a0-651-gb41185065b (webtiles) character file.

Game seed: 101157334903556401

282 Alarkh the Insei (level 6, 43/43 HPs)
             Began as a Demonspawn Transmuter on Oct 30, 2020.
             Got out of the dungeon alive.
             The game lasted 00:03:40 (3353 turns).

Alarkh the Insei (Demonspawn Transmuter)            Turns: 3353, Time: 00:03:41

Health: 43/43      AC:  2    Str: 17    XL:     6   Next: 6%
Magic:  9/9        EV: 12    Int: 16    God:
Gold:   223        SH:  0    Dex: 13    Spells: 8/9 levels left

rFire    . . .     SeeInvis .     - Unarmed
rCold    . . .     Faith    .   (no shield)
rNeg     . . .     Spirit   .   a - +0 robe
rPois    .         Reflect  .   (helmet restricted)
rElec    .         Harm     .   (no cloak)
rCorr    .         Rampage  .   (no gloves)
MR       .....                  (no boots)
Stlth    +.........             (no amulet)
HPRegen  0.14/turn              g - +6 ring of strength
MPRegen  0.11/turn              (no ring)

@: no status effects
A: antennae 1, powered by death 1, sturdy frame 1
a: no special abilities


You escaped.
You visited 1 branch of the dungeon, and saw 4 of its levels.

You collected 223 gold pieces.

Inventory:

Armour
 a - a +0 robe (worn)
Jewellery
 g - a +6 ring of strength (left hand)
 n - an uncursed ring of fire
 s - an uncursed amulet of the acrobat {unknown}
Wands
 q - a wand of iceblast (11)
Scrolls
 b - 2 scrolls of enchant weapon {unknown}
 e - a scroll of magic mapping {unknown}
 h - a scroll of immolation {unknown}
 j - 4 scrolls of remove curse {unknown}
 k - 3 scrolls of teleportation {unknown}
 l - a scroll of blinking {unknown}
 m - 2 scrolls of enchant armour {unknown}
 o - 3 scrolls of fog {unknown}
 r - 4 scrolls of identify
 v - a scroll of random uselessness {unknown}
Potions
 c - a potion of cancellation {unknown}
 d - 4 potions of lignification
 f - 2 potions of curing
 i - 4 potions of degeneration {unknown}
 p - a potion of invisibility {unknown}
 t - a potion of ambrosia {unknown}
 u - 2 potions of resistance {unknown}


   Skills:
 - Level 1.0 Fighting
 - Level 1.7 Dodging
 + Level 6.2 Unarmed Combat
 - Level 2.0 Spellcasting
 - Level 1.7 Transmutations


You had 8 spell levels left.
You knew the following spells:

 Your Spells              Type           Power        Failure   Level
a - Beastly Appendage     Tmut           #.....       10%         1

Your spell library contained the following spells:

 Spells                   Type           Power        Failure   Level
 Wereblood                Tmut           #.......     16%         2
 Corona                   Hex            #......      21%         1
 Ensorcelled Hibernation  Hex/Ice        #.....       30%         2
 Spider Form              Tmut/Pois      #.........   41%         3
 Confusing Touch          Hex            #.......     52%         3
 Dazzling Flash           Conj/Hex       #.....       52%         3
 Tukima's Dance           Hex            #.......     52%         3
 Ice Form                 Ice/Tmut       #.......     82%         4
 Blade Hands              Tmut           #.........   95%         5


Dungeon Overview and Level Annotations

Branches:
Dungeon (4/15)
 Temple: D:4-7

Altars:
Fedhas
Hepliaklqana
Sif Muna
Xom
Zin


Innate Abilities, Weirdness & Mutations

You have a pair of small antennae on your head.
You regenerate a little health from kills.
Your movements are slightly less encumbered by armour. (ER -2)


Message History

No target in view!
(D) Dungeon
Where to? (Enter - D:4 @ (x,y), ? - help) HP restored.
There is a stone staircase leading up here.
(D) Dungeon
Where to? (Enter - D:4 @ (x,y), ? - help)
What level of the Dungeon? (default 1, ? - help)
You climb upwards.
There is a stone staircase leading down here.
There is a stone staircase leading up here.
You climb upwards.
There is a stone staircase leading down here.
There is a stone staircase leading up here.
You climb upwards.
There is a stone staircase leading down here.
You see here a +0 club.
There is a staircase leading out of the dungeon here.
Are you sure you want to leave the Dungeon?
This will make you lose the game!
You have escaped!

#####.≈.#.#.###.≈≈≈≈.######.)...#
......≈.#.#.#...§.........#......
#..###≈§#.#.#.≈≈≈.#########.....#
....##§.#.#...≈...........#......
....##§§..#.≈≈≈.≈≈≈≈§.###.#......
......≈§≈.#.≈...≈...§§..#.#......
....#...§.#.≈§≈≈≈.≈§§§§.###.#.##.
)...###.≈§.§§.....§§..≈...#.#....
..### #.§§≈§≈§≈.@.≈§≈.≈≈§.#.#.##.
### #...≈...≈.....≈..§≈.#.#.##. #
###.≈≈≈.≈.§≈≈.§.#.§...#.##. #
#.#...≈..§≈..§≈.#.≈≈§.#.##.
#######.###.≈≈≈≈§.≈≈≈^#...≈......
##....#...........§...#.#)§##.###
##.############§§≈§.#.#.#.§##.# #
##.# #........§§...#.#.#.§##.# #
##.# ######.§≈≈§§###.#.#.§§..###


There were no monsters in sight!

Vanquished Creatures
  Crazy Yiuf (D:2)
  2 hounds (D:4)
  An iguana (D:3)
  Robin (D:2)
  5 adders
  An ooze (D:1)
  A worm (D:2)
  6 dart slugs
  A leopard gecko (D:1)
  4 orcs (D:3)
  8 bats
  3 giant cockroaches (D:1)
  15 goblins
  12 hobgoblins
  6 jackals
  7 kobolds
  3 ball pythons
  7 frilled lizards
  A leopard gecko skeleton (D:4)
  4 rats
89 creatures vanquished.

Vanquished Creatures (others)
  11 plants (D:4)
11 creatures vanquished.

Grand Total: 100 creatures vanquished

Notes
Turn   | Place    | Note
-------+----------+-------------------------------------------
     0 | D:1      | Alarkh the Demonspawn Transmuter began the quest for the
                  | Orb.
     0 | D:1      | Reached XP level 1. HP: 15/15 MP: 3/3
    66 | D:1      | Reached skill level 3 in Unarmed Combat
   149 | D:1      | Gained mutation: You regenerate a little health from kills.
                  | [demonic ancestry]
   149 | D:1      | Reached XP level 2. HP: 7/21 MP: 5/5
   485 | D:1      | Lost mutation: You have a pair of horns on your head.
                  | [demonic ancestry]
   485 | D:1      | Lost mutation: You have a pair of small horns on your head.
                  | [demonic ancestry]
   485 | D:1      | Gained mutation: You have a pair of small antennae on your
                  | head. [demonic ancestry]
   485 | D:1      | Reached XP level 3. HP: 24/26 MP: 4/6
   582 | D:1      | Reached skill level 4 in Unarmed Combat
  1220 | D:2      | Found a hazy altar of Hepliaklqana.
  1300 | D:2      | Reached XP level 4. HP: 28/32 MP: 7/7
  1468 | D:2      | Noticed Robin
  1511 | D:2      | Killed Robin
  1704 | D:2      | Found a runed translucent door.
  1705 | D:2      | Noticed Crazy Yiuf
  1712 | D:2      | Killed Crazy Yiuf
  1712 | D:2      | Reached skill level 5 in Unarmed Combat
  2188 | D:3      | Reached XP level 5. HP: 32/37 MP: 8/8
  2448 | D:3      | Found a glowing silver altar of Zin.
  2450 | D:3      | Found a blossoming altar of Fedhas.
  2450 | D:3      | Found a blossoming altar of Fedhas.
  2452 | D:3      | Found a shimmering blue altar of Sif Muna.
  2452 | D:3      | Found a shimmering altar of Xom.
  2452 | D:3      | Found a shimmering altar of Xom.
  2903 | D:4      | Reached skill level 6 in Unarmed Combat
  2906 | D:4      | Gained mutation: Your movements are slightly less
                  | encumbered by armour. (ER -2) [demonic ancestry]
  2906 | D:4      | Reached XP level 6. HP: 9/43 MP: 7/9
  3353 | D:$      | Got out of the dungeon alive.

Illustrated notes

Levels and vault maps discovered:
D:1:      psy_arrival_radial02, layout_loops_ring, minmay_bisected
D:2:      layout_basic, old_standard_altar, uniq_crazy_yiuf_cottage, uniq_robin
D:3:      layout_loops_ring, doesnt_xom_only_xom
D:4:      layout_cave_pools, minmay_statues_item, small_statue_intersection,
          serial_bayou_lake_a

Skill      XL: |  1  2  3  4  5 |
---------------+----------------+-----
Unarmed Combat | 3 4 5 6 |  6.2
Fighting       | |  1.0
Dodging        | |  1.7
Spellcasting   | |  2.0
Transmutations | |  1.7

Action                   |  1- 3 |  4- 6 || total
-------------------------+-------+-------++-------
Melee: Unarmed           |   145 |   157 ||   302
       Kick              |     3 |    13 ||    16
       Headbutt          |     3 |       ||     3
       Punch             |     4 |     1 ||     5
 Cast: Beastly Appendage |     2 |     6 ||     8
  Use: Scroll            |       |     1 ||     1
       Potion            |       |     1 ||     1
 Stab: Sleeping          |     2 |     1 ||     3
       Distracted        |     1 |       ||     1
Armor: Robe              |    34 |    22 ||    56
Dodge: Dodged            |    98 |    98 ||   196

Table legend: (Time is in decaauts)
 A = Elapsed time spent in this place.
 B = Non-inter-level travel time spent in this place.
 C = Inter-level travel time spent in this place.
 D = Time resting spent in this place.
 E = Time spent auto-exploring this place.
 F = Levels seen in this place.
 G = Mean time per level.
                   A        B        C        D        E       F      G
               +--------+--------+--------+--------+--------+-----+--------+
         Total |   3328 |   3131 |    197 |    220 |   2325 |   4 |  832.0 |
       Dungeon |   3328 |   3131 |    197 |    220 |   2325 |   4 |  832.0 |
               +--------+--------+--------+--------+--------+-----+--------+

Top non-repeatable levels by time:
     D:2: 1179 daAuts
     D:1: 1067 daAuts
     D:3: 675 daAuts
     D:4: 405 daAuts
